 Dungeon Crawl Stone Soup version 0.30-a0-358-g0d69a1922f (webtiles) character file.

Game seed: 5454846217080681882

2648 DeathSun the Grappler (level 9, -4/75 HPs)
             Began as a Ghoul Gladiator on Nov 9, 2022.
             Was an Elder of Wu Jian.
             Slain by a yak (11 damage)
             ... on level 6 of the Dungeon.
             The game lasted 00:10:49 (4513 turns).

DeathSun the Grappler (Ghoul Gladiator)             Turns: 4513, Time: 00:10:50

Health: -4/75      AC:  8    Str: 22    XL:     9   Next: 62%
Magic:  8/8        EV: 12    Int:  3    God:    Wu Jian [****..]
Gold:   254        SH:  0    Dex: 16    Spells: 8/8 levels left

rFire   . . .      SeeInvis .      - Unarmed
rCold   + . .      Faith    .    (no shield)
rNeg    + + +      Spirit   .    a - +0 leather armour
rPois   ∞          Reflect  .    b - +0 helmet
rElec   .          Harm     .    y - +2 cloak {Stlth+}
rCorr   .          Rampage  .    (no gloves)
Will    .....                    d - +0 pair of boots
Stlth   ++........               q - amulet of the acrobat
HPRegen 0.00/turn                o - +6 ring of dexterity
MPRegen 0.11/turn                (no ring)

@: inhibited regen
A: claws 1, cold resistance 1, negative energy resistance 3, inhibited
regeneration, torment resistance 2, devour on kill
a: Renounce Religion, Wall Jump, Serpent's Lash


You were on level 6 of the Dungeon.
You worshipped Wu Jian.
Wu Jian was greatly pleased with you.
You visited 1 branch of the dungeon, and saw 6 of its levels.

You collected 267 gold pieces.
You spent 13 gold pieces at shops.

Inventory:

Missiles
 c - 3 throwing nets
 i - 11 poisoned darts (quivered)
 u - 2 atropa-tipped darts
 x - 4 javelins
Armour
 a - a +0 leather armour (worn)
 b - a +0 helmet (worn)
 d - a +0 pair of boots (worn)
 y - a +2 cloak of stealth (worn)
Magical Staves
 j - a staff of earth
Jewellery
 o - a +6 ring of dexterity (left claw)
 q - an amulet of the acrobat (around neck)
 C - a ring of protection from cold
Scrolls
 f - 5 scrolls of identify {unknown}
 g - 3 scrolls of teleportation {unknown}
 h - 2 scrolls of magic mapping {unknown}
 l - a scroll of fog {unknown}
 n - a scroll of fear {unknown}
 r - a scroll of immolation {unknown}
 s - a scroll of noise {unknown}
 v - a scroll of vulnerability {unknown}
 A - a scroll of enchant weapon {unknown}
Potions
 e - 3 potions of curing
 k - 2 potions of mutation {unknown}
 m - 3 potions of attraction {unknown}
 p - a potion of resistance {unknown}
 t - 3 potions of heal wounds {unknown}
 w - a potion of might {unknown}
 z - a potion of cancellation {unknown}
 B - a potion of brilliance {unknown}


   Skills:
 - Level 6.0 Fighting
 - Level 6.0 Throwing
 - Level 2.6 Dodging
 * Level 11.3 Unarmed Combat


You had 8 spell levels left.
You didn't know any spells.
Your spell library contained the following spells:

 Spells                   Type           Power      Damage    Failure   Level
 Inner Flame              Hex/Fire       0%         N/A       91%         3
 Summon Guardian Golem    Hex/Summ       0%         N/A       91%         3
 Flame Wave               Conj/Fire      0%         2d4       100%        4
 Sticky Flame             Conj/Fire      0%         2d3       100%        4
 Orb of Destruction       Conj           0%         9d5       100%        7
 Spellforged Servitor     Conj/Summ      0%         N/A       100%        7


Dungeon Overview and Level Annotations

Branches:
Dungeon (6/15)             Temple (0/1) D:4

Altars:
Makhleb
Uskayaw
Wu Jian
Xom

Shops:
D:4 *


Innate Abilities, Weirdness & Mutations

You are immune to poison.
You have sharp fingernails.
Your flesh is cold resistant. (rC+)
You are immune to negative energy. (rN+++)
You do not regenerate when monsters are visible.
You are immune to unholy pain and torment.
You thrive by killing the living.


Message History

You kill the yak!
The Council accepts your kill.
Your Unarmed Combat skill increases to level 11!
You claw the yak!
The yak is moderately wounded.
You claw the yak!
The yak is heavily wounded.
The yak gores you!
* * * LOW HITPOINT WARNING * * *
You scratch the yak but do no damage.
The yak is heavily wounded.
The yak gores you!
* * * LOW HITPOINT WARNING * * *
You scratch the yak.
The yak is severely wounded.
The yak gores you but does no damage.
You scratch the yak but do no damage.
The yak is severely wounded.
You barely miss the yak. You claw the yak!
You kill the yak!
The Council accepts your kill.
You feel better.
You claw the yak!
The yak is moderately wounded.
The yak gores you but does no damage.
You scratch the yak but do no damage.
The yak is moderately wounded.
The yak gores you!
* * * LOW HITPOINT WARNING * * *
Unknown command.
Things that are here:
a +0 battleaxe; a +0 robe It was a potion of curing.
You feel better. The yak closely misses you.
You scratch the yak.
The yak is heavily wounded.
The yak gores you!
* * * LOW HITPOINT WARNING * * *
Unknown command.
You feel better. The yak gores you!
You die...

#.# #########.#
#.........#
#####.#######.#
.......>......#
...........####
####.#.##.#
#)##.# #@##.#
#Y##.# #†##.#
#.##.# #.##.#
#.##.# #.##.#
#.##.# #.##.#


You could see a yak.

Vanquished Creatures
  The ghost of Salm0nsnak3 the Slasher, a novice MfGl (D:4)
  Grinder (D:3)
  5 yaks (D:6)
  Menkaure (D:4)
  A black bear (D:4)
  An ice beast (D:5)
  An ogre (D:4)
  2 phantoms (D:5)
  A bullfrog (D:5)
  2 scorpions
  5 wights (D:6)
  2 hounds (D:4)
  A jelly (D:4)
  Crazy Yiuf (D:4)
  An orc priest (D:4)
  2 gnoll boudas (D:5)
  2 orc wizards (D:5)
  4 gnolls
  7 adders
  An ufetubus (D:5)
  3 worms
  3 dart slugs
  23 orcs
  2 endoplasms
  4 giant cockroaches
  12 goblins
  4 hobgoblins
  4 jackals
  5 kobolds
  2 quokkas
  5 ball pythons
  5 bats
  3 frilled lizards
  4 rats
121 creatures vanquished.

Vanquished Creatures (others)
  A black bear (D:5)
  A scorpion (D:5)
  2 hounds (D:5)
  A gnoll (D:5)
  4 plants (D:4)
9 creatures vanquished.

Grand Total: 130 creatures vanquished

Notes
Turn   | Place    | Note
-------+----------+-------------------------------------------
     0 | D:1      | DeathSun the Ghoul Gladiator began the quest for the Orb.
     0 | D:1      | Reached XP level 1. HP: 17/17 MP: 0/0
   115 | D:1      | Reached XP level 2. HP: 25/25 MP: 1/1
   144 | D:1      | Found a faded altar of an unknown god.
   161 | D:1      | Prayed at the altar of an unknown god.
   161 | D:1      | Became a worshipper of the Wu Jian Council
   161 | D:1      | Reached * piety under Wu Jian
   692 | D:2      | Reached XP level 3. HP: 31/31 MP: 2/2
   699 | D:2      | Reached skill level 4 in Unarmed Combat
   858 | D:2      | Reached ** piety under Wu Jian
   910 | D:2      | Reached XP level 4. HP: 38/38 MP: 3/3
  1497 | D:3      | Noticed Grinder
  1509 | D:3      | Paralysed by Grinder for 2 turns
  1517 | D:3      | Killed Grinder
  1518 | D:3      | Reached skill level 5 in Unarmed Combat
  1518 | D:3      | Reached XP level 5. HP: 14/47 MP: 4/4
  1518 | D:3      | Reached XP level 6. HP: 16/53 MP: 5/5
  2069 | D:4      | Found a burning altar of Makhleb.
  2123 | D:4      | Found Faur Wost's General Store.
  2143 | D:4      | Bought 2 atropa-tipped darts for 13 gold pieces
  2152 | D:4      | Noticed Menkaure
  2171 | D:4      | Killed Menkaure
  2172 | D:4      | Reached skill level 5 in Fighting
  2301 | D:4      | Reached XP level 7. HP: 61/61 MP: 6/6
  2303 | D:4      | Reached skill level 6 in Unarmed Combat
  2330 | D:4      | Found a staircase to the Ecumenical Temple.
  2420 | D:4      | Reached *** piety under Wu Jian
  2579 | D:4      | Found a runed translucent door.
  2589 | D:4      | Found a runed translucent door.
  2590 | D:4      | Noticed Crazy Yiuf
  2681 | D:4      | Noticed Salm0nsnak3's ghost (novice MfGl)
  2716 | D:4      | Found a hide-covered altar of Uskayaw.
  3125 | D:4      | Killed Crazy Yiuf
  3126 | D:4      | Reached skill level 7 in Unarmed Combat
  3126 | D:4      | Reached XP level 8. HP: 43/70 MP: 7/7
  3310 | D:4      | Killed Salm0nsnak3's ghost
  3548 | D:5      | Entered Level 5 of the Dungeon
  3559 | D:5      | Reached skill level 8 in Unarmed Combat
  3702 | D:5      | Reached skill level 5 in Throwing
  4108 | D:5      | Found a shimmering altar of Xom.
  4163 | D:5      | Reached skill level 9 in Unarmed Combat
  4333 | D:5      | Reached XP level 9. HP: 62/75 MP: 8/8
  4466 | D:6      | Reached **** piety under Wu Jian
  4486 | D:6      | Reached skill level 10 in Unarmed Combat
  4502 | D:6      | Reached skill level 11 in Unarmed Combat
  4512 | D:6      | HP: 1/75 [yak (11)]
  4513 | D:6      | Slain by a yak

Illustrated notes

Levels and vault maps discovered:
D:1:      dpeg_arrival_court, layout_loops_ring,
          hellmonk_ecumenical_altar_pennies_from_heaven
D:2:      layout_rooms, kennysheep_big_empty_room
D:3:      layout_loops_ring, corexii_corridor_pit, uniq_grinder
D:4:      layout_gridville, kennysheep_little_box, lemuel_crystal_altar,
          overflow_temple_1_default, temple_hall_moat, serial_forest,
          infiniplex_forest_clump_curved, infiniplex_forest_side_room,
          infiniplex_forest_clump_double, infiniplex_forest_end_2,
          infiniplex_forest_clump_long, infiniplex_forest_clump_large,
          ebering_ghost_sewer_d, serial_shops, shop, uniq_menkaure,
          uniq_crazy_yiuf_cottage
D:5:      layout_basic, xom_confusion_cloud
D:6:      black_bear_nest_2, layout_basic,
          mainiacjoe_overflow_concentric_impassable

Skill      XL: |  1  2  3  4  5  6  7  8  9 |
---------------+----------------------------+-----
Throwing       | 2 3 4 5 6 |  6.0
Fighting       | 3 4 5 6 |  6.0
Unarmed Combat | 4 5 7 9 11 | 11.3
Dodging        | |  2.6

Action                   |  1- 3 |  4- 6 |  7- 9 || total
-------------------------+-------+-------+-------++-------
Melee: Unarmed           |   108 |    85 |   253 ||   446
       Punch             |     3 |     5 |    20 ||    28
Throw: Dart              |       |     3 |       ||     3
Invok: Lunge             |    12 |    10 |    20 ||    42
       Whirlwind         |       |     1 |     2 ||     3
  Use: Potion            |       |       |     2 ||     2
 Stab: Sleeping          |       |     1 |       ||     1
Armor: Leather armour    |    22 |    13 |    57 ||    92
Dodge: Dodged            |    58 |    35 |   127 ||   220

Table legend: (Time is in decaauts)
 A = Elapsed time spent in this place.
 B = Non-inter-level travel time spent in this place.
 C = Inter-level travel time spent in this place.
 D = Time resting spent in this place.
 E = Time spent auto-exploring this place.
 F = Levels seen in this place.
 G = Mean time per level.
                   A        B        C        D        E       F      G
               +--------+--------+--------+--------+--------+-----+--------+
         Total |   4470 |   4314 |    156 |      0 |   3473 |   6 |  745.0 |
       Dungeon |   4470 |   4314 |    156 |      0 |   3473 |   6 |  745.0 |
               +--------+--------+--------+--------+--------+-----+--------+

Top non-repeatable levels by time:
     D:4: 1559 daAuts
     D:3: 838 daAuts
     D:5: 819 daAuts
     D:1: 684 daAuts
     D:2: 443 daAuts
     D:6: 124 daAuts
